cohdb
Replays
Latest Replays
All Replays
Popular Replays
Top Player Replays
Match Explorer
How It Works
Community
CoH3 Stats
Reddit
Sign in to upload your games and track your stats! →
Sign in with Steam
Match 43806269
Unlisted
Match 43806269
Overview
Messages
Build Orders
End
Pioneer Squad
Construct Infanterie Kompanie
Selects Breakthrough Battlegroup
Selects Assault Grenadiers
Grenadier Squad
Grenadier Squad
Grenadier Squad
Construct Luftwaffe Kompanie
Selects Rapid Production
Selects Breakthrough
221 Scout Car
Breakthrough
Flak 30 Anti-aircraft Gun Team
Support Elements
Jäger Squad
Infanterie Officer Quarters
Selects Mechanized Assault Group
Marder III M Tank Destroyer
bigcheese
-AL- Nimahfrosch
ConcernedApe
Evilstealer
0
0
Comments
sign in to comment!
No comments posted yet!